 Dungeon Crawl Stone Soup version 0.31.0-11-ge490571c62 (webtiles) character file.

Game seed: 6364978304186239009

1150 qw the Skirmisher (level 8, 0/40 HPs)
             Began as a Spriggan Hunter on Feb 3, 2024.
             Incinerated by a bombardier beetle (2 damage)
             ... with a burning spray
             ... on level 6 of the Dungeon.
             The game lasted 00:01:34 (4185 turns).

qw the Skirmisher (Spriggan Hunter)                 Turns: 4185, Time: 00:01:34

Health: 0/40       AC:  6    Str:  9    XL:     8   Next: 15%
Magic:  9/9        EV: 21    Int: 11    God:
Gold:   87         SH:  0    Dex: 20    Spells: 7/7 levels left

rFire   . . .        k - +4 sling of Dissatisfaction {speed, ^Contam rElec rN+ Str+2}
rCold   . . .        (no shield)
rNeg    + . .        i - +0 acid dragon scales
rPois   .            (helmet restricted)
rElec   +            (no cloak)
rCorr   +            (gloves unavailable)
SInv    +            (boots unavailable)
Will    ++...        (no amulet)
Stlth   +            d - ring of willpower
HPRegen 0.26/turn    (no ring)
MPRegen 0.11/turn

%: no passive effects
@: on fire, glowing, very quick
A: very small, no large weapons, unfitting armour, see invisible, speed 3
a: no special abilities


You were on level 6 of the Dungeon.
You visited 1 branch of the dungeon, and saw 6 of its levels.

You collected 276 gold pieces.
You spent 189 gold pieces at shops.


Innate Abilities, Weirdness & Mutations

You are very small and have problems with some larger weapons.
You are too small for most types of armour.
You have supernaturally acute eyesight. (SInv)
You cover ground extremely quickly. (Speed+++)


   Skills:
 - Level 3.3 Fighting
 + Level 8.2 Ranged Weapons
 - Level 1.0 Armour
 - Level 7.2 Dodging
 - Level 1.5 Stealth


You had 7 spell levels left.
You didn't know any spells.
Your spell library was empty.

Inventory:

Hand Weapons
 k - the +4 sling of Dissatisfaction (weapon) {speed, ^Contam rElec rN+ Str+2}
   (You found it on level 3 of the Dungeon)

   Str+2:     It affects your strength (+2).
   rElec:     It insulates you from electricity.
   rN+:       It protects you from negative energy.
   ^Contam:   It causes magical contamination when unequipped.
Armour
 i - +0 acid dragon scales (worn)
Jewellery
 d - a ring of willpower (left hand)
Wands
 f - a wand of polymorph (12)
Scrolls
 l - 2 scrolls of teleportation
Potions
 b - a potion of mutation
 e - a potion of heal wounds
 g - 2 potions of curing
 h - a potion of lignification {unknown}
 m - a potion of enlightenment {unknown}

Dungeon Overview and Level Annotations

Branches:
Dungeon (6/15)
 Temple: D:4-7

Altars:

Shops:
D:3 (   D:4 =*


Message History

The sling bullet hits the bombardier beetle.
The bombardier beetle is heavily wounded.
The liquid fire burns you!
A shadow imp comes into view.
You shoot a sling bullet.
The sling bullet barely misses the bombardier beetle.
The shadow imp shouts!
The sling bullet hits the shadow imp.
The shadow imp is moderately wounded.
The liquid fire burns you!
You shoot a sling bullet.
The sling bullet hits the bombardier beetle!
You kill the bombardier beetle!
The liquid fire burns you!
Your Armour skill increases to level 1!
4176 ||| FLEEEEING.
You shake off some of the fire as you move.
The liquid fire burns you!
You are on fire!
The liquid fire burns you!
You are on fire!
The liquid fire burns you!
You are on fire!
The liquid fire burns you!
You shoot a sling bullet. The sling bullet hits the shadow imp.
The shadow imp is heavily wounded.
The liquid fire burns you!
You shoot a sling bullet.
The sling bullet completely misses the shadow imp.
The liquid fire burns you!
You shoot a sling bullet. The sling bullet hits the shadow imp!
You kill the shadow imp!
The liquid fire burns you!
You are on fire!
The liquid fire burns you!
You are on fire!
The liquid fire burns you!
You are on fire!
The liquid fire burns you!
You die...

.# 5# #.## ... #..# #..# #.
#####..# #.
.#######......#### ### #.
.......'..@...#.. ....#.#
.#######......#.######..#..
#......#)...........
#(...........#......
#....#.#.#......##..
###.....)....... #..
####.#)######. #..
#.#......# #.. ..#...##.#
##.


There were no monsters in sight!

Vanquished Creatures
  A yak (D:5)
  An acid dragon (D:5)
  An ogre (D:4)
  A phantom (D:5)
  2 scorpions (D:5)
  A howler monkey (D:5)
  2 bombardier beetles
  3 hounds
  A gnoll bouda (D:5)
  2 iguanas
  A sleepcap (D:5)
  An orc wizard (D:5)
  11 adders
  10 gnolls
  A shadow imp (D:6)
  A white imp (D:5)
  3 dart slugs
  4 orcs
  5 endoplasms
  2 giant cockroaches (D:1)
  7 goblins
  8 hobgoblins
  4 jackals (D:1)
  4 kobolds
  3 quokkas
  7 ball pythons
  7 bats
  4 frilled lizards
  6 rats
104 creatures vanquished.

Notes
Turn   | Place    | Note
-------+----------+-------------------------------------------
     0 | D:1      | qw the Spriggan Hunter began the quest for the Orb.
     0 | D:1      | Reached XP level 1. HP: 10/10 MP: 2/2
     0 | D:1      | 0 ||| qw: Version: 0.3-a-155-g5e7d8dd
     0 | D:1      | 0 ||| qw: Game counter: 3244
     0 | D:1      | 0 ||| qw: Melee chars always use a shield: true
     0 | D:1      | 0 ||| qw: God list: Okawaru
     0 | D:1      | 0 ||| qw: Allow faded altars: false
     0 | D:1      | 0 ||| qw: Do Orc after clearing Dungeon:15 true
     0 | D:1      | 0 ||| qw: Do second Lair branch before Depths: true
     0 | D:1      | 0 ||| qw: Lair rune preference: random
     0 | D:1      | 0 ||| qw: Goals: Normal
     0 | D:1      | 0 ||| PLANNING D:1-11
    40 | D:1      | Reached skill level 3 in Dodging
    77 | D:1      | Reached XP level 2. HP: 12/14 MP: 3/3
   390 | D:1      | 390 ||| UPGRADING to ring of willpower.
   391 | D:1      | 391 ||| DROPPING scroll of butterflies.
  1032 | D:1      | 1032 ||| READING scroll labelled XOSEIF QIOQUQI.
  1078 | D:2      | Reached XP level 3. HP: 18/18 MP: 4/4
  1386 | D:2      | Reached skill level 5 in Ranged Weapons
  1410 | D:2      | Reached XP level 4. HP: 22/22 MP: 5/5
  1832 | D:2      | 1832 ||| READING scroll labelled OMIECVA DIOTS.
  1833 | D:2      | 1833 ||| READING 2 scrolls labelled KIZOFU DADUF.
  1834 | D:2      | 1834 ||| READING scroll labelled EMIGYUTZUZ.
  1835 | D:2      | 1835 ||| DROPPING scroll of amnesia.
  2018 | D:3      | Found Xoppiz's Antique Weapon Shop.
  2097 | D:3      | Identified the +4 sling of Dissatisfaction {speed, ^Contam
                  | rElec rN+ Str+2}
  2099 | D:3      | 2099 ||| SWAPPING to +4 sling of Dissatisfaction {speed,
                  | ^Contam rElec rN+ Str+2}.
  2100 | D:3      | 2100 ||| DROPPING +0 shortbow.
  2131 | D:3      | Reached XP level 5. HP: 23/26 MP: 6/6
  2291 | D:3      | 2291 ||| READING 2 scrolls of identify.
  2291 | D:3      | 2291 ||| IDENTIFYING pink potion
  2292 | D:3      | 2292 ||| READING scroll of identify.
  2292 | D:3      | 2292 ||| IDENTIFYING purple potion
  2293 | D:3      | 2293 ||| READING scroll labelled HATUTE YDGHU.
  2297 | D:3      | 2297 ||| DRINKING 2 metallic coppery potions.
  2298 | D:3      | 2298 ||| DROPPING potion of attraction.
  2299 | D:3      | 2299 ||| DROPPING potion of degeneration.
  2668 | D:4      | Found Cumai's Jewellery Shoppe.
  2668 | D:4      | Noticed an ogre
  2672 | D:4      | Killed an ogre
  2673 | D:4      | Reached skill level 6 in Ranged Weapons
  2673 | D:4      | Reached XP level 6. HP: 30/30 MP: 7/7
  2677 | D:4      | 2677 ||| SHOPLISTING amulet of regeneration (330 gold, have
                  | 206).
  2677 | D:4      | 2677 ||| SHOPLISTING ring of resist corrosion (220 gold,
                  | have 206).
  2725 | D:4      | Found Hoafoer's Assorted Antiques.
  2728 | D:4      | 2728 ||| BUYING scroll labelled SOMOTT BUHUENG (27 gold).
  2728 | D:4      | Bought a scroll labelled SOMOTT BUHUENG for 27 gold pieces
  2728 | D:4      | 2728 ||| BUYING scroll labelled SOMOTT BUHUENG (27 gold).
  2728 | D:4      | Bought a scroll labelled SOMOTT BUHUENG for 27 gold pieces
  2728 | D:4      | 2728 ||| BUYING scroll of identify (54 gold).
  2728 | D:4      | Bought a scroll of identify for 54 gold pieces
  2728 | D:4      | 2728 ||| BUYING scroll of teleportation (81 gold).
  2728 | D:4      | Bought a scroll of teleportation for 81 gold pieces
  2977 | D:4      | 2977 ||| READING 2 scrolls of identify.
  2977 | D:4      | 2977 ||| IDENTIFYING sedimented golden potion
  2978 | D:4      | 2978 ||| READING scroll of identify.
  2978 | D:4      | 2978 ||| IDENTIFYING bubbling pink potion
  2979 | D:4      | 2979 ||| READING 2 scrolls labelled SOMOTT BUHUENG.
  2980 | D:4      | 2980 ||| DROPPING scroll of poison.
  2982 | D:4      | 2982 ||| Stepping ~*~*~tactically~*~*~ (cloud).
  2991 | D:4      | HP: 7/30 [poisoned by you (poison gas)]
  3101 | D:5      | Entered Level 5 of the Dungeon
  3137 | D:5      | Reached skill level 6 in Dodging
  3144 | D:5      | 3144 ||| FLEEEEING.
  3145 | D:5      | 3145 ||| FLEEEEING.
  3213 | D:5      | Reached skill level 7 in Ranged Weapons
  3213 | D:5      | Reached XP level 7. HP: 30/35 MP: 8/8
  3250 | D:5      | 3250 ||| RETREEEEATING.
  3307 | D:5      | 3307 ||| FLEEEEING.
  3308 | D:5      | 3308 ||| FLEEEEING.
  3309 | D:5      | 3309 ||| FLEEEEING.
  3310 | D:5      | 3310 ||| FLEEEEING.
  3311 | D:5      | 3311 ||| FLEEEEING.
  3312 | D:5      | 3312 ||| FLEEEEING.
  3313 | D:5      | 3313 ||| FLEEEEING.
  3314 | D:5      | 3314 ||| FLEEEEING.
  3315 | D:5      | 3315 ||| FLEEEEING.
  3316 | D:5      | 3316 ||| FLEEEEING.
  3317 | D:5      | 3317 ||| FLEEEEING.
  3320 | D:5      | 3320 ||| FLEEEEING.
  3322 | D:5      | 3322 ||| FLEEEEING.
  3324 | D:5      | 3324 ||| FLEEEEING.
  3325 | D:5      | 3325 ||| FLEEEEING.
  3326 | D:5      | 3326 ||| FLEEEEING.
  3327 | D:5      | 3327 ||| FLEEEEING.
  3328 | D:5      | 3328 ||| FLEEEEING.
  3329 | D:5      | 3329 ||| FLEEEEING.
  3330 | D:5      | 3330 ||| FLEEEEING.
  3331 | D:5      | 3331 ||| FLEEEEING.
  3332 | D:5      | 3332 ||| FLEEEEING.
  3333 | D:5      | 3333 ||| FLEEEEING.
  3334 | D:5      | 3334 ||| FLEEEEING.
  3337 | D:5      | 3337 ||| FLEEEEING.
  3338 | D:5      | 3338 ||| FLEEEEING.
  3339 | D:5      | 3339 ||| FLEEEEING.
  3340 | D:5      | 3340 ||| FLEEEEING.
  3343 | D:5      | 3343 ||| FLEEEEING.
  3344 | D:5      | 3344 ||| FLEEEEING.
  3345 | D:5      | 3345 ||| FLEEEEING.
  3346 | D:5      | 3346 ||| FLEEEEING.
  3347 | D:5      | 3347 ||| FLEEEEING.
  3348 | D:5      | 3348 ||| FLEEEEING.
  3349 | D:5      | 3349 ||| FLEEEEING.
  3350 | D:5      | 3350 ||| STAIRDANCE
  3363 | D:4      | 3363 ||| DROPPING ring of magical power.
  3364 | D:4      | 3364 ||| READING scroll labelled DOATIA FOUTUSM.
  3659 | D:5      | Noticed a yak
  3661 | D:5      | 3661 ||| RETREEEEATING.
  3667 | D:5      | 3667 ||| RETREEEEATING.
  3668 | D:5      | 3668 ||| RETREEEEATING.
  3671 | D:5      | 3671 ||| RETREEEEATING.
  3675 | D:5      | 3675 ||| RETREEEEATING.
  3676 | D:5      | 3676 ||| FLEEEEING.
  3677 | D:5      | 3677 ||| FLEEEEING.
  3678 | D:5      | 3678 ||| FLEEEEING.
  3680 | D:5      | 3680 ||| FLEEEEING.
  3681 | D:5      | 3681 ||| FLEEEEING.
  3682 | D:5      | 3682 ||| FLEEEEING.
  3683 | D:5      | 3683 ||| FLEEEEING.
  3684 | D:5      | 3684 ||| FLEEEEING.
  3685 | D:5      | 3685 ||| FLEEEEING.
  3686 | D:5      | 3686 ||| FLEEEEING.
  3687 | D:5      | 3687 ||| FLEEEEING.
  3688 | D:5      | 3688 ||| FLEEEEING.
  3689 | D:5      | 3689 ||| FLEEEEING.
  3690 | D:5      | 3690 ||| RETREEEEATING.
  3691 | D:5      | 3691 ||| FLEEEEING.
  3692 | D:5      | 3692 ||| RETREEEEATING.
  3693 | D:5      | 3693 ||| RETREEEEATING.
  3694 | D:5      | 3694 ||| RETREEEEATING.
  3695 | D:5      | 3695 ||| FLEEEEING.
  3700 | D:5      | Killed a yak
  3701 | D:5      | Reached skill level 8 in Ranged Weapons
  3850 | D:5      | Reached skill level 3 in Fighting
  3850 | D:5      | Reached XP level 8. HP: 37/40 MP: 9/9
  3913 | D:5      | Identified the +7 ring mail of Ikahagaipt {-Cast rElec
                  | rC+++ Will-}
  4001 | D:5      | 4001 ||| UPGRADING to +0 acid dragon scales.
  4011 | D:5      | 4011 ||| DROPPING +0 robe.
  4012 | D:5      | 4012 ||| READING scroll labelled TEVEHO KAQAGIH.
  4013 | D:5      | 4013 ||| DRINKING 2 bubbling ruby potions.
  4014 | D:5      | 4014 ||| DROPPING potion of brilliance.
  4176 | D:6      | Reached skill level 1 in Armour
  4176 | D:6      | 4176 ||| FLEEEEING.
  4183 | D:6      | HP: 5/40 [burnt (6)]
  4184 | D:6      | HP: 2/40 [burnt (3)]
  4185 | D:6      | Incinerated by a bombardier beetle

Levels and vault maps discovered:
D:1:      matt_arrival_refuge, layout_loops_cross, serial_co_window_serial,
          co_window_corner_a, co_window_paths_a, co_window_cross_1,
          co_window_corner_a, co_window_paths_b, co_window_paths_b,
          co_window_paths_b, co_window_unsneaky_path_b, co_window_cross_4,
          co_window_cross_3, co_window_2corner, co_window_corner_b,
          co_window_unsneaky_path_c, glass_columns_a, glass_columns_a,
          glass_columns_b
D:2:      layout_basic
D:3:      layout_rooms, serial_shops, nicolae_shop_tiny_glass,
          guppyfry_early_lair_pool
D:4:      layout_loops_ring, serial_shops, nicolae_square_shop,
          nicolae_shop_tiny_real_fake_doors, grunt_decor_fettered
D:5:      layout_basic, kennysheep_small_square
D:6:      layout_basic, kennysheep_little_box, serial_shops,
          nicolae_shop_real_fake_doors

Skill      XL: |  1  2  3  4  5  6  7  8 |
---------------+-------------------------+-----
Dodging        | 3 4 5 6 7 |  7.2
Ranged Weapons | 5 6 7 8 |  8.2
Fighting       | 2 3 |  3.3
Armour         | 1 |  1.0
Stealth        | |  1.5

Action                     |  1- 3 |  4- 6 |  7- 9 || total
---------------------------+-------+-------+-------++-------
   Fire: Shortbow          |   111 |    48 |       ||   159
         Sling             |       |    96 |   123 ||   219
    Use: Scroll            |     1 |     9 |     2 ||    12
         Potion            |       |     1 |     1 ||     2
 Armour: Robe              |    24 |     8 |    13 ||    45
  Dodge: Dodged            |    62 |    18 |    42 ||   122

Table legend:
 A = Non-vault XP
 B = Vault XP
 C = Vault XP percentage of total XP
 D = Non-vault monster count
 E = Vault monster count
 F = Vault count percentage of total count
                 A         B        C        D         E       F
            +---------+---------+-------+---------+---------+-------
      Total |    1405 |     238 |  14.5 |     102 |       2 |   1.9
            +---------+---------+-------+---------+---------+-------
        D:1 |      40 |       0 |   0.0 |      21 |       0 |   0.0
        D:2 |      87 |       0 |   0.0 |      27 |       0 |   0.0
        D:3 |      75 |       0 |   0.0 |      13 |       0 |   0.0
        D:4 |     264 |       0 |   0.0 |      15 |       0 |   0.0
        D:5 |     838 |     238 |  22.1 |      21 |       2 |   8.7
        D:6 |     101 |       0 |   0.0 |       5 |       0 |   0.0
            +---------+---------+-------+---------+---------+-------
